| TOP OF THE 1ST |
|
Texas (APP) Rangers batting - Pitching for Princeton Rays : LHP Jonathan Daniels
|
|
Pitching: LHP Jonathan Daniels
|
|
|
Batting: RHB Jay De Angelis
|
0-0: Called Strike 0-1: Swinging Strike 0-2: Ball 1-2: Ball 2-2: Ball 3-2: Foul Ball, location: 2F 3-2: Fly out, F8 (Flyball, 8RM, EV 95.6 MPH)
|
|
Batting: LHB Walter Vegter
|
0-0: Ball 1-0: Ground out 6-3 (Groundball, 6, EV 87.5 MPH)
|
|
Batting: RHB Robby Adair
|
0-0: Called Strike 0-1: Swinging Strike 0-2: Foul Ball, location: 2F 0-2: SINGLE (Groundball, 6MD, EV 110.6 MPH)
|
|
Batting: RHB Ryan Pastore
|
0-0: Ball 1-0: Ball 2-0: SINGLE (Groundball, 4MD, EV 95.6 MPH) Robby Adair to second Runner from 2nd tries for 3rd, SAFE, throw by CF made to third
|
|
Batting: RHB David Redman
|
0-0: Ball 1-0: Swinging Strike 1-1: Fly out, F8 (Flyball, 8RXD, EV 97.5 MPH)
|
| Top of the 1st over - 0 runs, 2 hits, 0 errors, 2 left on base; Texas (APP) 0 - Princeton 0 |
| BOTTOM OF THE 1ST |
|
Princeton Rays batting - Pitching for Texas (APP) Rangers : RHP Jim Canady
|
|
Pitching: RHP Jim Canady
|
|
|
Batting: SHB Chris Lockart
|
0-0: Called Strike 0-1: Swinging Strike 0-2: Ball 1-2: Strikes out swinging
|
|
Batting: RHB Dan Marks
|
0-0: Ball 1-0: Fly out, F1 (Popup, P, EV 86.3 MPH)
|
|
Batting: SHB Lou Kroneman
|
0-0: Called Strike 0-1: Foul Ball, location: 2F 0-2: Ball 1-2: Strikes out swinging
|
| Bottom of the 1st over - 0 runs, 0 hits, 0 errors, 0 left on base; Texas (APP) 0 - Princeton 0 |
| TOP OF THE 2ND |
|
Texas (APP) Rangers batting - Pitching for Princeton Rays : LHP Jonathan Daniels
|
|
Batting: RHB Matt Silva
|
0-0: Foul Ball, location: 2F 0-1: Ball 1-1: Ball 2-1: Swinging Strike 2-2: Strikes out swinging
|
|
Batting: RHB Rafael Tapia
|
0-0: Fly out, F6 (Flyball, 6MD, EV 89.4 MPH)
|
|
Batting: RHB Alex Lopez
|
0-0: Ball 1-0: Foul Ball, location: 2F 1-1: Ball 2-1: Ball 3-1: DOUBLE (Line Drive, 5D, EV 98.1 MPH)
|
|
Batting: SHB Albert Ortiz
|
0-0: Called Strike 0-1: Fly out, F7 (Flyball, 7S, EV 84.4 MPH)
|
| Top of the 2nd over - 0 runs, 1 hit, 0 errors, 1 left on base; Texas (APP) 0 - Princeton 0 |
| BOTTOM OF THE 2ND |
|
Princeton Rays batting - Pitching for Texas (APP) Rangers : RHP Jim Canady
|
|
Batting: RHB Wil Urban
|
0-0: Ball 1-0: Foul Ball, location: 2F 1-1: SINGLE (Line Drive, 9S, EV 90.0 MPH)
|
|
Batting: SHB Wayne Hattan
|
0-0: Ball 1-0: Called Strike 1-1: Foul Ball, location: 2F 1-2: Ball 2-2: Foul Ball, location: 2F 2-2: Foul Ball, location: 2F 2-2: Strikes out swinging
|
|
Batting: RHB Chris Thorson
|
0-0: Ball 1-0: Swinging Strike 1-1: SINGLE (Groundball, 4M, EV 83.1 MPH) (infield hit) Wil Urban to second
|
|
Batting: RHB Kunizo Yanagisawa
|
0-0: Ball Wild Pitch! Wil Urban to third Chris Thorson to second 1-0: TRIPLE (Flyball, 89XD, EV 103.8 MPH) Wil Urban scores Chris Thorson scores
|
|
Batting: RHB Bazyli Andrysiak
|
0-0: Ball 1-0: SINGLE (Groundball, 34D, EV 95.0 MPH) Kunizo Yanagisawa scores
|
|
Batting: RHB Jim Erdody
|
0-0: Called Strike 0-1: Ball 1-1: Ball 2-1: Foul Ball, location: 2F 2-2: Strikes out swinging
|
|
Batting: SHB Chris Lockart
|
0-0: Foul Ball, location: 2F 0-1: Ball 1-1: Ground out 4-3 (Groundball, 4, EV 80.0 MPH)
|
| Bottom of the 2nd over - 3 runs, 4 hits, 0 errors, 1 left on base; Texas (APP) 0 - Princeton 3 |
| TOP OF THE 3RD |
|
Texas (APP) Rangers batting - Pitching for Princeton Rays : LHP Jonathan Daniels
|
|
Batting: RHB Jay De Angelis
|
0-0: Ball 1-0: Called Strike 1-1: Ball 2-1: Foul Ball, location: 2F 2-2: Fly out, F3 (Flyball, 34D, EV 90.6 MPH)
|
|
Batting: LHB Walter Vegter
|
0-0: Called Strike 0-1: Called Strike 0-2: Ground out U3 (Groundball, 3S, EV 86.3 MPH)
|
|
Batting: RHB Robby Adair
|
0-0: Ball 1-0: Called Strike 1-1: SINGLE (Flyball, 56D, EV 85.6 MPH)
|
|
Batting: RHB Ryan Pastore
|
0-0: Ball 1-0: Foul Ball, location: 2F 1-1: Ball 2-1: 2-RUN HOME RUN (Flyball, 89XD, EV 111.3 MPH), Distance : 417 ft
|
|
Batting: RHB David Redman
|
0-0: Swinging Strike 0-1: Foul Ball, location: 2F 0-2: Ball 1-2: Ball 2-2: Foul Ball, location: 2F 2-2: SOLO HOME RUN (Flyball, 8RXD, EV 105.6 MPH), Distance : 443 ft
|
|
Batting: RHB Matt Silva
|
0-0: Called Strike 0-1: Foul Ball, location: 2F 0-2: Ball 1-2: Ground out 1-3 (Groundball, 13S, EV 71.9 MPH)
|
| Top of the 3rd over - 3 runs, 3 hits, 0 errors, 0 left on base; Texas (APP) 3 - Princeton 3 |
| BOTTOM OF THE 3RD |
|
Princeton Rays batting - Pitching for Texas (APP) Rangers : RHP Jim Canady
|
|
Batting: RHB Dan Marks
|
0-0: Ball 1-0: Ball 2-0: Ball 3-0: Foul Ball, location: 2F 3-1: DOUBLE (Line Drive, 8RXD, EV 106.3 MPH)
|
|
Batting: SHB Lou Kroneman
|
0-0: Ball 1-0: Foul Ball, location: 2F 1-1: Ball 2-1: Ground out 5-3 (Groundball, 56S, EV 69.4 MPH) Dan Marks to third
|
|
Batting: RHB Wil Urban
|
0-0: Ball 1-0: Swinging Strike 1-1: Ball 2-1: Called Strike 2-2: Ball 3-2: Strikes out swinging
|
|
Batting: SHB Wayne Hattan
|
0-0: Ground out 4-3 (Groundball, 4, EV 85.6 MPH)
|
| Bottom of the 3rd over - 0 runs, 1 hit, 0 errors, 1 left on base; Texas (APP) 3 - Princeton 3 |
| TOP OF THE 4TH |
|
Texas (APP) Rangers batting - Pitching for Princeton Rays : LHP Jonathan Daniels
|
|
Batting: RHB Rafael Tapia
|
0-0: Ground out 5-3 (Groundball, 56, EV 88.8 MPH)
|
|
Batting: RHB Alex Lopez
|
0-0: Called Strike 0-1: Ball 1-1: Foul Ball, location: 2F 1-2: Ball 2-2: Strikes out looking
|
|
Batting: SHB Albert Ortiz
|
0-0: Ball 1-0: Ball 2-0: Ground out 4-3 (Groundball, 4, EV 83.1 MPH)
|
| Top of the 4th over - 0 runs, 0 hits, 0 errors, 0 left on base; Texas (APP) 3 - Princeton 3 |
| BOTTOM OF THE 4TH |
|
Princeton Rays batting - Pitching for Texas (APP) Rangers : RHP Jim Canady
|
|
Batting: RHB Chris Thorson
|
0-0: Ball 1-0: Swinging Strike 1-1: TRIPLE (Line Drive, 78XD, EV 101.3 MPH)
|
|
Batting: RHB Kunizo Yanagisawa
|
0-0: Fly out, F5 (Popup, 25F, EV 95.0 MPH)
|
|
Batting: RHB Bazyli Andrysiak
|
0-0: Ball 1-0: Foul Ball, location: 2F 1-1: Swinging Strike 1-2: Strikes out swinging
|
|
Batting: RHB Jim Erdody
|
0-0: Ground out 6-3 (Groundball, 56, EV 85.0 MPH)
|
| Bottom of the 4th over - 0 runs, 1 hit, 0 errors, 1 left on base; Texas (APP) 3 - Princeton 3 |
| TOP OF THE 5TH |
|
Texas (APP) Rangers batting - Pitching for Princeton Rays : LHP Jonathan Daniels
|
|
Batting: RHB Jay De Angelis
|
0-0: Ground out 6-3 (Groundball, 6, EV 85.6 MPH)
|
|
Batting: LHB Walter Vegter
|
0-0: Fly out, F9 (Flyball, 9D, EV 87.5 MPH)
|
|
Batting: RHB Robby Adair
|
0-0: Ball 1-0: Foul Ball, location: 2F 1-1: Ball 2-1: Swinging Strike 2-2: Ball 3-2: Fly out, F7 (Line Drive, 7D, EV 97.5 MPH)
|
| Top of the 5th over - 0 runs, 0 hits, 0 errors, 0 left on base; Texas (APP) 3 - Princeton 3 |
| BOTTOM OF THE 5TH |
|
Princeton Rays batting - Pitching for Texas (APP) Rangers : RHP Jim Canady
|
|
Batting: SHB Chris Lockart
|
0-0: Foul Ball, location: 2F 0-1: Swinging Strike 0-2: Foul Ball, location: 2F 0-2: SINGLE (Line Drive, 8LS, EV 103.1 MPH)
|
|
Batting: RHB Dan Marks
|
0-0: DOUBLE (Line Drive, 78D, EV 109.4 MPH) Chris Lockart to third
|
|
Batting: SHB Lou Kroneman
|
0-0: Ball 1-0: Ball 2-0: Foul Ball, location: 2F 2-1: Ball 3-1: Base on Balls
|
|
Batting: RHB Wil Urban
|
0-0: Called Strike 0-1: Foul Ball, location: 2F 0-2: Foul Ball, location: 2F 0-2: Ball 1-2: Ball 2-2: Strikes out swinging
|
|
Batting: SHB Wayne Hattan
|
0-0: Grounds into double play, 5-4-3 (Groundball, 56, EV 85.0 MPH)
|
| Bottom of the 5th over - 0 runs, 2 hits, 0 errors, 2 left on base; Texas (APP) 3 - Princeton 3 |
| TOP OF THE 6TH |
|
Texas (APP) Rangers batting - Pitching for Princeton Rays : LHP Jonathan Daniels
|
|
Batting: RHB Ryan Pastore
|
0-0: SOLO HOME RUN (Flyball, 9LD, EV 96.9 MPH), Distance : 360 ft
|
|
Batting: RHB David Redman
|
0-0: Ball 1-0: Ball 2-0: Foul Ball, location: 2F 2-1: Ball 3-1: Foul Ball, location: 2F 3-2: Ground out 5-3 (Groundball, 56S, EV 89.4 MPH)
|
|
Batting: RHB Matt Silva
|
0-0: Ground out 4-3 (Groundball, 4, EV 102.5 MPH)
|
|
Batting: RHB Rafael Tapia
|
0-0: Called Strike 0-1: Ball 1-1: Foul Ball, location: 2F 1-2: Ball 2-2: Ground out 6-3 (Groundball, 6, EV 91.3 MPH)
|
| Top of the 6th over - 1 run, 1 hit, 0 errors, 0 left on base; Texas (APP) 4 - Princeton 3 |
| BOTTOM OF THE 6TH |
|
Princeton Rays batting - Pitching for Texas (APP) Rangers : RHP Jim Canady
|
|
Batting: RHB Chris Thorson
|
0-0: Ball 1-0: Foul Ball, location: 2F 1-1: Ground out 4-3 (Groundball, 4, EV 90.0 MPH)
|
|
Batting: RHB Kunizo Yanagisawa
|
0-0: SINGLE (Groundball, 6MD, EV 97.5 MPH)
|
|
Batting: RHB Bazyli Andrysiak
|
0-0: Called Strike 0-1: Ball 1-1: Grounds into double play, 1-6-3 (Groundball, 13, EV 70.0 MPH)
|
| Bottom of the 6th over - 0 runs, 1 hit, 0 errors, 0 left on base; Texas (APP) 4 - Princeton 3 |
| TOP OF THE 7TH |
|
Texas (APP) Rangers batting - Pitching for Princeton Rays : LHP Jonathan Daniels
|
|
Batting: RHB Alex Lopez
|
0-0: Called Strike 0-1: Called Strike 0-2: Ball 1-2: Ground out 6-3 (Groundball, 6M, EV 96.9 MPH)
|
|
Batting: SHB Albert Ortiz
|
0-0: Foul Ball, location: 2F 0-1: Ball 1-1: Ball 2-1: Ball 3-1: Foul Ball, location: 2F 3-2: Base on Balls
|
|
Batting: RHB Jay De Angelis
|
0-0: Called Strike 0-1: Ball 1-1: Swinging Strike 1-2: Ball 2-2: SINGLE (Groundball, 56D, EV 111.3 MPH) Albert Ortiz to second
|
|
Pitching: RHP Austin Gambrell
|
|
|
Batting: LHB Walter Vegter
|
0-0: Ball 1-0: Ball 2-0: Ball 3-0: Called Strike 3-1: Base on Balls Albert Ortiz to third Jay De Angelis to second
|
|
Batting: RHB Robby Adair
|
0-0: Called Strike 0-1: Ball 1-1: Ball 2-1: Ball 3-1: Foul Ball, location: 2F 3-2: Foul Ball, location: 2F 3-2: Foul Ball, location: 2F 3-2: Grounds into fielders choice 5-2 (Groundball, 56S, EV 80.0 MPH) Jay De Angelis to third Walter Vegter to second
|
|
Batting: RHB Ryan Pastore
|
0-0: Called Strike 0-1: Swinging Strike 0-2: GRAND SLAM HOME RUN (Flyball, 7D, EV 96.3 MPH), Distance : 374 ft
|
|
Batting: LHB Tomoya Hashimoto
|
0-0: Called Strike 0-1: Ball 1-1: Ball 2-1: Ball 3-1: Base on Balls
|
|
Batting: RHB Matt Silva
|
0-0: Called Strike 0-1: Ball 1-1: 2-RUN HOME RUN (Flyball, 78XD, EV 102.5 MPH), Distance : 417 ft
|
|
Pitching: RHP Federico Jimenez
|
|
|
Batting: RHB Rafael Tapia
|
0-0: Ball 1-0: Ball 2-0: Ground out 5-3 (Groundball, 56, EV 87.5 MPH)
|
| Top of the 7th over - 6 runs, 3 hits, 0 errors, 0 left on base; Texas (APP) 10 - Princeton 3 |
| BOTTOM OF THE 7TH |
|
Princeton Rays batting - Pitching for Texas (APP) Rangers : RHP Jim Canady
|
|
Pinch Hitting: RHB Jim Lind
|
0-0: Called Strike 0-1: Ground out 4-3 (Groundball, 4, EV 106.3 MPH)
|
|
Pinch Hitting: RHB Jeremy Whitehurst
|
0-0: Ball 1-0: Foul Ball, location: 2F 1-1: Called Strike 1-2: Strikes out swinging
|
|
Pinch Hitting: RHB Octavio Cuevas
|
0-0: Ball 1-0: Ball 2-0: Ground out 1-3 (Groundball, 15S, EV 75.0 MPH)
|
| Bottom of the 7th over - 0 runs, 0 hits, 0 errors, 0 left on base; Texas (APP) 10 - Princeton 3 |
| TOP OF THE 8TH |
|
Texas (APP) Rangers batting - Pitching for Princeton Rays : RHP Federico Jimenez
|
|
Now at SS: Jim Lind
|
|
|
Now in LF: Rocky Crowley
|
|
|
Now in RF: Berthold Frey
|
|
|
Batting: RHB Alex Lopez
|
0-0: Foul Ball, location: 2F 0-1: Ball 1-1: Foul Ball, location: 2F 1-2: Fly out, F6 (Popup, 6M, EV 60.6 MPH)
|
|
Batting: SHB Albert Ortiz
|
0-0: Ball 1-0: Swinging Strike 1-1: Ball 2-1: Ball 3-1: SINGLE (Groundball, 4MD, EV 96.9 MPH)
|
|
Pinch Hitting: RHB Jordan Llanes
|
0-0: Ball 1-0: Fielders Choice at 2nd, 6-4 (Groundball, 6, EV 82.5 MPH)
|
|
Batting: LHB Walter Vegter
|
0-0: Ball 1-0: Ball 2-0: Called Strike Jordan Llanes steals 2nd base 2-1: Called Strike 2-2: Ball 3-2: Fly out, F5 (Popup, 5SF, EV 68.1 MPH)
|
| Top of the 8th over - 0 runs, 1 hit, 0 errors, 1 left on base; Texas (APP) 10 - Princeton 3 |
| BOTTOM OF THE 8TH |
|
Princeton Rays batting - Pitching for Texas (APP) Rangers : RHP Jim Canady
|
|
Now in LF: Jordan Llanes
|
|
|
Pinch Hitting: LHB Zach Rose
|
0-0: Ball 1-0: Called Strike 1-1: Ball 2-1: Ground out 5-3 (Groundball, 56, EV 88.1 MPH)
|
|
Batting: RHB Wil Urban
|
0-0: Ball 1-0: Ball 2-0: Called Strike 2-1: Fly out, F2 (Popup, 2LF, EV 88.8 MPH)
|
|
Pitching: RHP Katsuhito Hoshi
|
|
|
Pinch Hitting: RHB Kevin Percy
|
0-0: Called Strike 0-1: Foul Ball, location: 2F 0-2: Foul Ball, location: 2F 0-2: Strikes out swinging
|
| Bottom of the 8th over - 0 runs, 0 hits, 0 errors, 0 left on base; Texas (APP) 10 - Princeton 3 |
| TOP OF THE 9TH |
|
Texas (APP) Rangers batting - Pitching for Princeton Rays : RHP Federico Jimenez
|
|
Now at 1B: Kevin Percy
|
|
|
Now at 3B: Zach Rose
|
|
|
Batting: RHB Robby Adair
|
0-0: Called Strike 0-1: Ball 1-1: Foul Ball, location: 2F 1-2: Foul Ball, location: 2F 1-2: Ball 2-2: Strikes out swinging
|
|
Pinch Hitting: RHB Shawn Weber
|
0-0: Called Strike 0-1: Ball 1-1: Ball 2-1: Foul Ball, location: 2F 2-2: Ball 3-2: Base on Balls
|
|
Batting: LHB Tomoya Hashimoto
|
0-0: Called Strike 0-1: Called Strike Shawn Weber is caught stealing 2nd base 2-6 0-2: Foul Ball, location: 2F 0-2: Fly out, F9 (Flyball, 9LM, EV 88.8 MPH)
|
| Top of the 9th over - 0 runs, 0 hits, 0 errors, 0 left on base; Texas (APP) 10 - Princeton 3 |
| BOTTOM OF THE 9TH |
|
Princeton Rays batting - Pitching for Texas (APP) Rangers : RHP Katsuhito Hoshi
|
|
Now at 1B: Justin Wheelock
|
|
|
Batting: RHB Chris Thorson
|
0-0: Ball 1-0: Called Strike 1-1: Foul Ball, location: 2F 1-2: Ball 2-2: Foul Ball, location: 2F 2-2: Fly out, F7 (Flyball, 78D, EV 92.5 MPH)
|
|
Batting: RHB Kunizo Yanagisawa
|
0-0: Swinging Strike 0-1: Called Strike 0-2: Foul Ball, location: 2F 0-2: Foul Ball, location: 2F 0-2: Ball 1-2: Ball 2-2: Strikes out swinging
|
|
Pinch Hitting: RHB Matt Purchase
|
0-0: Ball 1-0: Ball 2-0: Swinging Strike 2-1: Called Strike 2-2: Strikes out looking
|
| Bottom of the 9th over - 0 runs, 0 hits, 0 errors, 0 left on base; Texas (APP) 10 - Princeton 3 |
|